 Dungeon Crawl Stone Soup version 0.30-a0-715-gdb4ae3ece1 (webtiles) character file.

Game seed: 1919206189354591428

907 themarg the Summoner (level 8, -2/52 HPs)
             Began as a Barachi Summoner on Jan 23, 2023.
             Was an Initiate of Ashenzari.
             Shot with an arrow by a centaur (6 damage)
             ... on level 6 of the Dungeon.
             The game lasted 00:19:04 (5795 turns).

themarg the Summoner (Barachi Summoner)             Turns: 5795, Time: 00:19:04

Health: -2/52      AC:  5    Str:  9    XL:     8   Next: 8%
Magic:  6/15       EV: 12    Int: 18    God:    Ashenzari [......]
Gold:   179        SH:  0    Dex: 13    Spells: 7/17 levels left

rFire   . . .      SeeInvis .    e - +0 spear
rCold   + . .      Faith    .    (no shield)
rNeg    + . .      Spirit   .    a - +0 robe
rPois   .          Reflect  .    (no helmet)
rElec   .          Harm     .    (no cloak)
rCorr   .          Rampage  .    v - +2 pair of gloves
Will    .....                    (no boots)
Stlth   ++                       (no amulet)
HPRegen 0.28/turn                m - ring of positive energy
MPRegen 0.14/turn                y - ring of protection from cold

@: slow
A: amphibious, slowness 1, strong legs 1, +LOS
a: Hop, Renounce Religion


You were on level 6 of the Dungeon.
You worshipped Ashenzari.
Ashenzari was noncommittal.
You visited 2 branches of the dungeon, and saw 7 of its levels.

You collected 179 gold pieces.

Inventory:

Hand Weapons
 b - a +2 dagger of protection
 e - a +0 spear (weapon)
 i - a +4 dagger
Missiles
 c - 49 stones
 s - 10 poisoned darts
 x - 2 boomerangs
Armour
 a - a +0 robe (worn)
 v - a +2 pair of gloves (worn)
Jewellery
 m - a ring of positive energy (left hand)
 y - a ring of protection from cold (right hand)
Wands
 u - a wand of polymorph (5)
Scrolls
 d - 3 scrolls of butterflies {unknown}
 h - a scroll of amnesia {unknown}
 k - a scroll of blinking {unknown}
 n - 2 scrolls of immolation {unknown}
 p - 3 scrolls of teleportation
 q - 2 scrolls of poison {unknown}
 r - 2 scrolls of enchant weapon {unknown}
 t - a scroll of fear {unknown}
Potions
 f - 2 potions of resistance
 g - a potion of mutation {unknown}
 j - 3 potions of might
 l - 3 potions of curing
 o - 2 potions of degeneration {unknown}
 w - a potion of attraction {unknown}


   Skills:
 - Level 2.1 Dodging
 - Level 2.5 Stealth
 - Level 5.0 Spellcasting
 + Level 9.5 Summonings
 - Level 3.0 Air Magic


You had 7 spell levels left.
You knew the following spells:

 Your Spells              Type           Power      Damage    Failure   Level
a - Summon Small Mammal   Summ           100%       N/A       1%          1
b - Call Imp              Summ           38%        N/A       1%          2
c - Call Canine Familiar  Summ           38%        N/A       1%          3
d - Summon Lightning Spi  Summ/Air       27%        N/A       10%         4

Your spell library contained the following spells:

 Spells                   Type           Power      Damage    Failure   Level
 Summon Guardian Golem    Hex/Summ       21%        N/A       5%          3
 Swiftness                Air            15%        N/A       12%         3
 Sandblast                Erth           8%         2d5       13%         1
 Ensorcelled Hibernation  Hex/Ice        8%         N/A       21%         2
 Passwall                 Tmut/Erth      3%         N/A       21%         2
 Stone Arrow              Conj/Erth      8%         3d7       36%         3
 Passage of Golubria      Tloc           4%         N/A       78%         4
 Silence                  Hex/Air        4%         N/A       89%         5
 Lehudib's Crystal Spear  Conj/Erth      2%         10d2      100%        8


Dungeon Overview and Level Annotations

Branches:
Dungeon (6/15)             Temple (1/1) D:5

Altars:
Ashenzari
Cheibriados
Dithmenos
Elyvilon
Fedhas
Gozag
Hepliaklqana
Makhleb
Nemelex Xobeh
Okawaru
Qazlal
Ru
Sif Muna
Trog
Uskayaw
Vehumet
Wu Jian
Xom
Yredelemnul
Zin
The Shining One

Annotations:
D:4 2 transporters


Innate Abilities, Weirdness & Mutations

You are amphibious.
You cover ground slowly.
You can hop short distances.
You have an extended range of vision and can be seen from far away.


Message History

Your hound dies!
Your hound's corpse disappears in a puff of smoke!
Your crimson imp barely misses the centaur.
The centaur shoots an arrow.
The arrow completely misses you.
The centaur shoots an arrow.
The arrow hits your hound!
Your crimson imp hits the centaur.
Reach: e) +0 spear
Press: ? - help, Dir - move target, f/p - centaur
Aim: a centaur, wielding a +0 shortbow (severely wounded, ally target, about 30% to evade your +0 spear)
You could not reach far enough!
Your crimson imp disappears in a puff of smoke!
The centaur shoots an arrow.
The arrow closely misses your hound. The arrow closely misses you.
Your hound bites the centaur but does no damage.
The centaur shoots an arrow.
The arrow hits your hound.
A beastly little devil appears in a puff of flame.
Your hound bites the centaur.
The centaur unwields a +0 shortbow.
The centaur hits your hound!
Your hound dies!
Your hound's corpse disappears in a puff of smoke!
The centaur shouts!
The centaur wields a +0 shortbow.
The centaur shoots an arrow.
The arrow hits you.
* * * LOW HITPOINT WARNING * * *
The centaur shoots an arrow.
The arrow hits you!
* * * LOW HITPOINT WARNING * * *
Reach: e) +0 spear
Press: ? - help, Dir - move target, f/p - centaur
Aim: a centaur, wielding a +0 shortbow (severely wounded, ally target, about 30% to evade your +0 spear)
You reach to attack!
You hit the centaur but do no damage.
The centaur is severely wounded.
Your hound bites the centaur.
The centaur shoots an arrow.
The arrow hits you.
* * * LOW HITPOINT WARNING * * *
Your crimson imp blinks!
Reach: e) +0 spear
Press: ? - help, Dir - move target, f/p - centaur
Aim: a centaur, wielding a +0 shortbow (almost dead, ally target, about 30% to evade your +0 spear)
You could not reach far enough!
The centaur shoots an arrow.
The arrow hits you.
You die...

#.#.#....# #.
#.#.####.# #.
..#....#.#######
#.
#.#.##.5.......#
#.
#.##.#5#####.#
#. #.##.#.# #.#
#. #.##.#.# #.#
#. #.##.#.# #.#
#. #.#@.#.# #.#
#. #.#.h#.# #.#
#. .###.#.##c#.#
#.# #.
.c....$...#.#
#.# #.
.###.######.#
#.# #. #.# #.#
#. #.# #<# #5
#.############.
#..............


You could see a centaur (ally target), a friendly hound (summoned) and a
friendly crimson imp (summoned).

Vanquished Creatures
  Jessica (D:2)
  An ufetubus (D:4)
  2 orcs (D:5)
  A ball python (D:4)
  2 bats (D:1)
  An endoplasm (D:2)
  A goblin (D:1)
  3 hobgoblins
  A quokka (D:2)
  3 rats
16 creatures vanquished.

Vanquished Creatures (collateral kills)
  A sky beast (D:6)
  An ice beast (D:5)
  A phantom (D:5)
  A scorpion (D:4)
  2 howler monkeys
  2 hounds (D:5)
  2 jellies (D:5)
  4 orc priests
  2 iguanas (D:5)
  3 orc wizards (D:5)
  3 adders
  4 dart slugs
  11 orcs
  5 bats
  4 endoplasms
  A giant cockroach (D:4)
  2 goblins
  6 hobgoblins
  8 jackals
  6 kobolds
  2 quokkas
  5 ball pythons (D:1)
  2 frilled lizards
  7 rats
85 creatures vanquished.

Vanquished Creatures (others)
  A jelly (D:5)
  2 fungi (D:2)
  2 plants (D:2)
5 creatures vanquished.

Grand Total: 106 creatures vanquished

Notes
Turn   | Place    | Note
-------+----------+-------------------------------------------
     0 | D:1      | themarg the Barachi Summoner began the quest for the Orb.
     0 | D:1      | Reached XP level 1. HP: 13/13 MP: 3/3
    99 | D:1      | Reached XP level 2. HP: 19/19 MP: 1/5
   102 | D:1      | Learned a level 2 spell: Call Imp
   158 | D:1      | Reached skill level 5 in Summonings
   589 | D:1      | Reached XP level 3. HP: 24/24 MP: 3/6
   593 | D:1      | Learned a level 3 spell: Call Canine Familiar
  1189 | D:2      | Found a faded altar of an unknown god.
  1327 | D:2      | Noticed Jessica
  1347 | D:2      | Killed Jessica
  1348 | D:2      | Reached XP level 4. HP: 30/30 MP: 5/8
  1901 | D:3      | You fall into a shaft and drop 2 floors!
  1901 | D:5      | Entered Level 5 of the Dungeon
  2039 | D:5      | Reached skill level 6 in Summonings
  2039 | D:5      | Reached XP level 5. HP: 13/35 MP: 7/10
  2358 | D:4      | Reached XP level 6. HP: 41/41 MP: 6/12
  2443 | D:4      | Reached skill level 7 in Summonings
  2543 | D:4      | Noticed an ice beast
  2578 | D:4      | Found a transporter.
  2578 | D:4      | Found an iron altar of Okawaru.
  2579 | D:4      | Noticed an ice beast
  3415 | D:4      | Found a transporter.
  3480 | D:4      | Reached skill level 5 in Spellcasting
  3480 | D:4      | Reached skill level 1 in Air Magic
  3480 | D:4      | Reached XP level 7. HP: 40/46 MP: 12/14
  3745 | D:4      | Found a stormy altar of Qazlal.
  4581 | D:5      | Reached skill level 8 in Summonings
  5065 | D:5      | Reached skill level 9 in Summonings
  5383 | D:5      | Found a staircase to the Ecumenical Temple.
  5393 | Temple   | Entered the Ecumenical Temple
  5528 | Temple   | Became a worshipper of Ashenzari the Shackled
  5639 | D:6      | Reached XP level 8. HP: 36/52 MP: 10/15
  5644 | D:6      | Learned a level 4 spell: Summon Lightning Spire
  5795 | D:6      | Shot with an arrow by a centaur

Illustrated notes

Levels and vault maps discovered:
D:1:      eino_arrival_water_cross, layout_basic, hangedman_glass_teeth,
          kennysheep_doodads, minivault_11, minmay_shallow_snake_nest
D:2:      layout_basic, shapermc_ecumenical_altar_mp_urbaneastern,
          kennysheep_generic_room_15, uniq_jessica
D:3:      layout_loops_ring
D:4:      layout_layer_cave, mainiacjoe_overflow_small_starburst,
          gammafunk_temple_overflow_arena, hangedman_minor_gate_pass
D:5:      layout_loops_cross, lemuel_temple_firewalk_a
D:6:      layout_basic, skrybe_limestone_x
Temple:   nicolae_temple_bog_church

Skill      XL: |  1  2  3  4  5  6  7 |
---------------+----------------------+-----
Stealth        | 2 |  2.5
Summonings     | 5 6 7 9 |  9.5
Spellcasting   | 3 4 5 |  5.0
Air Magic      | 1 3 |  3.0
Dodging        | |  2.1

Action                     |  1- 3 |  4- 6 |  7- 9 || total
---------------------------+-------+-------+-------++-------
  Melee: Unarmed           |    18 |       |       ||    18
         Spear             |    20 |    10 |    66 ||    96
         Punch             |     1 |     1 |     2 ||     4
         Dagger            |     1 |    27 |       ||    28
   Cast: Summon Small Mamm |    40 |     8 |     6 ||    54
         Call Imp          |    11 |    15 |    13 ||    39
         Call Canine Famil |       |    23 |    17 ||    40
Ability: Hop               |       |       |     1 ||     1
    Use: Potion            |       |     1 |       ||     1
         Scroll            |       |     4 |       ||     4
   Stab: Distracted        |     1 |     1 |     4 ||     6
 Armour: Robe              |    11 |    14 |     9 ||    34
  Dodge: Dodged            |    29 |    28 |    32 ||    89

Table legend: (Time is in decaauts)
 A = Elapsed time spent in this place.
 B = Non-inter-level travel time spent in this place.
 C = Inter-level travel time spent in this place.
 D = Time resting spent in this place.
 E = Time spent auto-exploring this place.
 F = Levels seen in this place.
 G = Mean time per level.
                   A        B        C        D        E       F      G
               +--------+--------+--------+--------+--------+-----+--------+
         Total |   6512 |   6323 |    189 |    526 |   4623 |   7 |  930.3 |
       Dungeon |   6338 |   6160 |    178 |    526 |   4498 |   6 | 1056.3 |
        Temple |    174 |    164 |     10 |      0 |    124 |   1 |  174.0 |
               +--------+--------+--------+--------+--------+-----+--------+

Top non-repeatable levels by time:
     D:5: 1572 daAuts
     D:4: 1484 daAuts
     D:1: 1110 daAuts
     D:3: 1032 daAuts
     D:2: 912 daAuts
     D:6: 226 daAuts
  Temple: 174 daAuts
